MLB
TORONTO BLUE JAYS @ MONTREAL EXPOS
04/17/2051
 
TOP OF THE 1ST
Toronto Blue Jays batting - Pitching for Montreal Expos : RHP James Woods Jr.
Pitching: RHP James Woods Jr.
Batting: RHB Danny Burnside 0-0: DOUBLE (Line Drive, 78D, EV 106.9 MPH)
Batting: RHB Donny Burnside 0-0: Called Strike
0-1: Ball
1-1: Foul Ball, location: 2F
1-2: Ball
2-2: Foul Ball, location: 23F
2-2: Ball
Wild Pitch!
Danny Burnside to third
3-2: Foul Ball, location: 9LDF
3-2: Ground out 5-3 (Groundball, 5, EV 84.4 MPH)
Batting: SHB Dominik Hasek II 0-0: Ball
1-0: Foul Ball, location: 7LSF
1-1: Ball
2-1: DOUBLE (Line Drive, 89D, EV 105.0 MPH)
Danny Burnside scores
Batting: RHB Efrain Vargas 0-0: SINGLE (Line Drive, 8LS, EV 101.3 MPH)
Dominik Hasek II to third
Runner from 3rd tries for Home, SAFE, throw by CF to home
Batting: LHB Michael Byrd 0-0: Ball
1-0: Fly out, F9 (Flyball, 9D, EV 96.9 MPH)
Batting: RHB Brock Van Gilder 0-0: Foul Ball, location: 2F
0-1: Ball
1-1: Fly out, F3 (Popup, 34S, EV 78.8 MPH)
Top of the 1st over - 2 runs, 3 hits, 0 errors, 1 left on base; Toronto 2 - Montreal 0
BOTTOM OF THE 1ST
Montreal Expos batting - Pitching for Toronto Blue Jays : RHP Matt Altieri
Pitching: RHP Matt Altieri
Batting: LHB Bill McGregor 0-0: Ball
1-0: DOUBLE (Flyball, 78XD, EV 88.8 MPH)
Batting: LHB Steve Anderson 0-0: Ball
1-0: Called Strike
1-1: SINGLE (Line Drive, 56D, EV 105.6 MPH)
Bill McGregor to third
Batting: RHB Zheng-ze King 0-0: Ball
1-0: Called Strike
1-1: Fly out, F8 (Line Drive, 89D, EV 91.9 MPH)
Runner from 3rd tags up, SCORES, no throw by CF
Batting: LHB Austin Ohmer 0-0: Called Strike
0-1: Ball
1-1: Foul Ball, location: 7LDF
1-2: Strikes out looking
Batting: RHB Steve French 0-0: Ball
1-0: Foul Ball, location: 2F
1-1: Foul Ball, location: 5SF
1-2: 2-RUN HOME RUN (Flyball, 7D, EV 97.5 MPH), Distance : 377 ft
Batting: LHB Mark Marvin 0-0: Foul Ball, location: 7LDF
0-1: Swinging Strike
0-2: Ball
1-2: Strikes out swinging
Bottom of the 1st over - 3 runs, 3 hits, 0 errors, 0 left on base; Toronto 2 - Montreal 3
TOP OF THE 2ND
Toronto Blue Jays batting - Pitching for Montreal Expos : RHP James Woods Jr.
Batting: RHB Kirk Arp 0-0: Foul Ball, location: 2F
0-1: SOLO HOME RUN (Flyball, 9LD, EV 93.1 MPH), Distance : 344 ft
Batting: RHB Willie Lazcano 0-0: Ball
1-0: Ball
2-0: Ball
3-0: Called Strike
3-1: Base on Balls
Batting: SHB Zory Larikov 0-0: Ball
Willie Lazcano steals 2nd base
1-0: Swinging Strike
1-1: Fly out, F8 (Flyball, 8LD, EV 92.5 MPH)
Batting: RHB Danny Burnside 0-0: Called Strike
Willie Lazcano is caught stealing 3rd base 2-5
0-1: Foul Ball, location: 2F
0-2: Foul Ball, location: 2F
0-2: Ball
1-2: Ball
2-2: Fly out, F5 (Popup, 5L, EV 82.5 MPH)
Top of the 2nd over - 1 run, 1 hit, 0 errors, 0 left on base; Toronto 3 - Montreal 3
BOTTOM OF THE 2ND
Montreal Expos batting - Pitching for Toronto Blue Jays : RHP Matt Altieri
Batting: RHB Jonathan Fraire 0-0: Ball
1-0: Ball
2-0: Fly out, F8 (Flyball, 8LM, EV 79.4 MPH)
Batting: RHB J.J. Powers 0-0: Foul Ball, location: 2F
0-1: Ball
1-1: Ground out 6-3 (Groundball, 6, EV 96.9 MPH)
Batting: RHB Alex Zamora 0-0: Ball
1-0: Ball
2-0: Called Strike
2-1: Foul Ball, location: 2F
2-2: Ball
3-2: Base on Balls
Batting: LHB Bill McGregor 0-0: Called Strike
0-1: Ball
1-1: SINGLE (Line Drive, 5L, EV 109.4 MPH)
Alex Zamora to second
Batting: LHB Steve Anderson 0-0: Foul Ball, location: 5F
0-1: Fielders Choice at 2nd, 6-4 (Groundball, 6, EV 98.1 MPH)
Bottom of the 2nd over - 0 runs, 1 hit, 0 errors, 2 left on base; Toronto 3 - Montreal 3
TOP OF THE 3RD
Toronto Blue Jays batting - Pitching for Montreal Expos : RHP James Woods Jr.
Batting: RHB Donny Burnside 0-0: Ball
1-0: Ball
2-0: Called Strike
2-1: Ball
3-1: Called Strike
3-2: Strikes out swinging
Batting: SHB Dominik Hasek II 0-0: Ball
1-0: Ball
2-0: Called Strike
2-1: Fly out, F4 (Popup, 4D, EV 65.6 MPH)
Batting: RHB Efrain Vargas 0-0: Ball
1-0: Ball
2-0: DOUBLE (Line Drive, 9LM, EV 98.8 MPH)
Batting: LHB Michael Byrd 0-0: Swinging Strike
0-1: Ball
1-1: Ball
2-1: Ground out 4-3 (Groundball, 4D, EV 103.1 MPH)
Top of the 3rd over - 0 runs, 1 hit, 0 errors, 1 left on base; Toronto 3 - Montreal 3
BOTTOM OF THE 3RD
Montreal Expos batting - Pitching for Toronto Blue Jays : RHP Matt Altieri
Batting: RHB Zheng-ze King 0-0: Ball
1-0: Swinging Strike
1-1: Foul Ball, location: 23F
1-2: Ball
2-2: Foul Ball, location: 2RF
2-2: Strikes out looking
Batting: LHB Austin Ohmer 0-0: Foul Ball, location: 2F
0-1: Ball
1-1: Ball
2-1: Hit by Pitch
Batting: RHB Steve French 0-0: Swinging Strike
0-1: Ball
1-1: Swinging Strike
1-2: Strikes out swinging
Batting: LHB Mark Marvin 0-0: Called Strike
0-1: Called Strike
0-2: Fielders Choice at 2nd, U4 (Groundball, 4M, EV 88.8 MPH)
Bottom of the 3rd over - 0 runs, 0 hits, 0 errors, 1 left on base; Toronto 3 - Montreal 3
TOP OF THE 4TH
Toronto Blue Jays batting - Pitching for Montreal Expos : RHP James Woods Jr.
Batting: RHB Brock Van Gilder 0-0: Ball
1-0: Ball
2-0: Fly out, F9 (Flyball, 89S, EV 91.3 MPH)
Batting: RHB Kirk Arp 0-0: Called Strike
0-1: Ground out 5-3 (Groundball, 56, EV 96.9 MPH)
Batting: RHB Willie Lazcano 0-0: Ball
1-0: Ball
2-0: Foul Ball, location: 7LDF
2-1: Swinging Strike
2-2: Strikes out swinging
Top of the 4th over - 0 runs, 0 hits, 0 errors, 0 left on base; Toronto 3 - Montreal 3
BOTTOM OF THE 4TH
Montreal Expos batting - Pitching for Toronto Blue Jays : RHP Matt Altieri
Batting: RHB Jonathan Fraire 0-0: Fly out, F8 (Flyball, 78D, EV 89.4 MPH)
Batting: RHB J.J. Powers 0-0: Swinging Strike
0-1: Ball
1-1: Foul Ball, location: 2F
1-2: Ball
2-2: Foul Ball, location: 3F
2-2: Foul Ball, location: 25F
2-2: Ball
3-2: Ground out 6-3 (Groundball, 6MS, EV 76.3 MPH)
Batting: RHB Alex Zamora 0-0: Ball
1-0: Ball
2-0: Ball
3-0: Base on Balls
Batting: LHB Bill McGregor 0-0: Ball
1-0: Ball
2-0: Ball
3-0: Called Strike
3-1: Base on Balls
Alex Zamora to second
Batting: LHB Steve Anderson 0-0: Ball
1-0: Fly out, F6 (Line Drive, 6, EV 63.8 MPH)
Bottom of the 4th over - 0 runs, 0 hits, 0 errors, 2 left on base; Toronto 3 - Montreal 3
TOP OF THE 5TH
Toronto Blue Jays batting - Pitching for Montreal Expos : RHP James Woods Jr.
Batting: SHB Zory Larikov 0-0: Ball
1-0: Foul Ball, location: 7LSF
1-1: Ball
2-1: Foul Ball, location: 25F
2-2: Strikes out swinging
Batting: RHB Danny Burnside 0-0: Ground out 4-3 (Groundball, 4, EV 85.6 MPH)
Batting: RHB Donny Burnside 0-0: Foul Ball, location: 2F
0-1: Ball
1-1: SINGLE (Groundball, 2L, EV 70.6 MPH) (infield hit)
Batting: SHB Dominik Hasek II 0-0: Called Strike
Donny Burnside steals 2nd base (no throw)
0-1: Ball
1-1: Called Strike
1-2: Ball
2-2: SINGLE (Groundball, 6MD, EV 98.1 MPH)
Donny Burnside to third
Runner from 3rd tries for Home, SAFE, throw by CF to home
Batting: RHB Efrain Vargas 0-0: Called Strike
Dominik Hasek II is caught stealing 2nd base 2-4
Top of the 5th over - 1 run, 2 hits, 0 errors, 0 left on base; Toronto 4 - Montreal 3
BOTTOM OF THE 5TH
Montreal Expos batting - Pitching for Toronto Blue Jays : RHP Matt Altieri
Batting: RHB Zheng-ze King 0-0: Ground out 6-3 (Groundball, 6, EV 91.3 MPH)
Batting: LHB Austin Ohmer 0-0: Ball
1-0: Ball
2-0: Foul Ball, location: 7LMF
2-1: Swinging Strike
2-2: Foul Ball, location: 3FF
2-2: Ball
3-2: Strikes out looking
Batting: RHB Steve French 0-0: Ball
1-0: Foul Ball, location: 7LMF
1-1: Swinging Strike
1-2: Ball
2-2: SOLO HOME RUN (Flyball, 78XD, EV 98.8 MPH), Distance : 385 ft
Batting: LHB Mark Marvin 0-0: Ground out 6-3 (Groundball, 6, EV 91.9 MPH)
Bottom of the 5th over - 1 run, 1 hit, 0 errors, 0 left on base; Toronto 4 - Montreal 4
TOP OF THE 6TH
Toronto Blue Jays batting - Pitching for Montreal Expos : RHP James Woods Jr.
Batting: RHB Efrain Vargas 0-0: Ball
1-0: Foul Ball, location: 2F
1-1: Ground out 5-3 (Groundball, 56, EV 102.5 MPH)
Batting: LHB Michael Byrd 0-0: Ball
1-0: Called Strike
1-1: Ball
2-1: Foul Ball, location: 7LMF
2-2: Strikes out swinging
Batting: RHB Brock Van Gilder 0-0: Called Strike
0-1: Ball
1-1: Foul Ball, location: 9LMF
1-2: Ground out U3 (Groundball, 34S, EV 89.4 MPH)
Top of the 6th over - 0 runs, 0 hits, 0 errors, 0 left on base; Toronto 4 - Montreal 4
BOTTOM OF THE 6TH
Montreal Expos batting - Pitching for Toronto Blue Jays : RHP Matt Altieri
Batting: RHB Jonathan Fraire 0-0: Ball
1-0: Ball
2-0: Ball
3-0: Called Strike
3-1: Swinging Strike
3-2: SOLO HOME RUN (Flyball, 7D, EV 98.1 MPH), Distance : 373 ft
Batting: RHB J.J. Powers 0-0: Called Strike
0-1: Ground out 5-3 (Groundball, 56, EV 103.1 MPH)
Batting: RHB Alex Zamora 0-0: Called Strike
0-1: SINGLE (Line Drive, 4D, EV 96.3 MPH)
Batting: LHB Bill McGregor 0-0: Fly out, F5 (Popup, 25F, EV 81.3 MPH)
Batting: LHB Steve Anderson 0-0: Foul Ball, location: 7LMF
0-1: Called Strike
0-2: Ball
1-2: SINGLE (Groundball, 6MD, EV 105.0 MPH)
Alex Zamora to second
Runner from 2nd tries for 3rd, SAFE, throw by CF made to third
Pitching: RHP Link Zeller
Batting: RHB Zheng-ze King 0-0: Foul Ball, location: 2F
0-1: Ball
1-1: Called Strike
1-2: Fly out, F6 (Popup, 6, EV 70.0 MPH)
Bottom of the 6th over - 1 run, 3 hits, 0 errors, 2 left on base; Toronto 4 - Montreal 5
TOP OF THE 7TH
Toronto Blue Jays batting - Pitching for Montreal Expos : RHP James Woods Jr.
Batting: RHB Kirk Arp 0-0: Foul Ball, location: 25F
0-1: Called Strike
0-2: Strikes out swinging
Batting: RHB Willie Lazcano 0-0: Ground out U3 (Groundball, 3S, EV 83.8 MPH)
Batting: SHB Zory Larikov 0-0: Ball
1-0: Ball
2-0: Ball
3-0: Base on Balls
Batting: RHB Danny Burnside 0-0: Foul Ball, location: 7LMF
0-1: SINGLE (Groundball, 34S, EV 71.9 MPH) (infield hit)
Zory Larikov to second
Batting: RHB Donny Burnside 0-0: Ball
1-0: Swinging Strike
1-1: Called Strike
1-2: Fielders Choice at 2nd, 6-4 (Groundball, 6, EV 81.9 MPH)
Top of the 7th over - 0 runs, 1 hit, 0 errors, 2 left on base; Toronto 4 - Montreal 5
BOTTOM OF THE 7TH
Montreal Expos batting - Pitching for Toronto Blue Jays : RHP Link Zeller
Batting: LHB Austin Ohmer 0-0: Ball
1-0: Foul Ball, location: 2F
1-1: Ball
2-1: Foul Ball, location: 2F
2-2: Strikes out swinging
Batting: RHB Steve French 0-0: Ball
1-0: Called Strike
1-1: Ball
2-1: Called Strike
2-2: Strikes out looking
Batting: LHB Mark Marvin 0-0: Ball
1-0: Ground out 4-3 (Groundball, 4, EV 86.9 MPH)
Bottom of the 7th over - 0 runs, 0 hits, 0 errors, 0 left on base; Toronto 4 - Montreal 5
TOP OF THE 8TH
Toronto Blue Jays batting - Pitching for Montreal Expos : RHP James Woods Jr.
Now at 1B: Mark Marvin
Now at 3B: Tommy Mize
Batting: SHB Dominik Hasek II 0-0: Called Strike
0-1: Ball
1-1: Ball
2-1: Ball
3-1: Ground out U3 (Groundball, 34S, EV 91.3 MPH)
Pitching: RHP Zack Rust
Batting: RHB Efrain Vargas 0-0: Called Strike
0-1: Foul Ball, location: 2F
0-2: Hit by Pitch
Batting: LHB Michael Byrd 0-0: Called Strike
0-1: Swinging Strike
0-2: Strikes out looking
Batting: RHB Brock Van Gilder 0-0: Called Strike
0-1: Ball
1-1: Foul Ball, location: 5FF
1-2: Ball
2-2: Strikes out swinging
Top of the 8th over - 0 runs, 0 hits, 0 errors, 1 left on base; Toronto 4 - Montreal 5
BOTTOM OF THE 8TH
Montreal Expos batting - Pitching for Toronto Blue Jays : RHP Link Zeller
Batting: RHB Jonathan Fraire 0-0: Ball
1-0: Ground out 2-3 (Groundball, 2L, EV 68.1 MPH)
Batting: RHB J.J. Powers 0-0: Ball
1-0: Called Strike
1-1: Ball
2-1: Foul Ball, location: 3SF
2-2: Strikes out swinging
Batting: RHB Alex Zamora 0-0: Foul Ball, location: 2F
0-1: Ball
1-1: Called Strike
1-2: Ball
2-2: Strikes out swinging
Bottom of the 8th over - 0 runs, 0 hits, 0 errors, 0 left on base; Toronto 4 - Montreal 5
TOP OF THE 9TH
Toronto Blue Jays batting - Pitching for Montreal Expos : RHP Zack Rust
Pitching: RHP Jakub Kvacek
Batting: RHB Kirk Arp 0-0: Called Strike
0-1: SINGLE (Flyball, 8RS, EV 94.4 MPH)
Batting: RHB Willie Lazcano 0-0: Swinging Strike
0-1: Ball
1-1: Ball
2-1: Ball
3-1: SINGLE (Line Drive, 4M, EV 101.3 MPH)
Kirk Arp to second
Batting: SHB Zory Larikov 0-0: Ball
1-0: Ball
2-0: Sac Bunt to P - play at first, batter OUT! 1-4
Kirk Arp to third
Willie Lazcano to second
Batting: RHB Danny Burnside 0-0: Ball
1-0: Called Strike
1-1: Ball
2-1: Foul Ball, location: 3F
2-2: Strikes out swinging
Batting: RHB Donny Burnside 0-0: Ball
1-0: Foul Ball, location: 2F
1-1: Swinging Strike
1-2: TRIPLE (Line Drive, 89XD, EV 100.0 MPH)
Kirk Arp scores
Willie Lazcano scores
Batting: SHB Dominik Hasek II 0-0: Ball
1-0: Called Strike
1-1: Ball
2-1: Ball
3-1: Base on Balls
Batting: RHB Efrain Vargas 0-0: Fly out, F4 (Popup, 34D, EV 58.1 MPH)
Top of the 9th over - 2 runs, 3 hits, 0 errors, 2 left on base; Toronto 6 - Montreal 5
BOTTOM OF THE 9TH
Montreal Expos batting - Pitching for Toronto Blue Jays : RHP Link Zeller
Pitching: RHP Zach Ault
Batting: LHB Bill McGregor 0-0: Called Strike
0-1: Ground out U3 (Groundball, 3L, EV 101.3 MPH)
Pinch Hitting: SHB Lou Kroneman 0-0: Called Strike
0-1: Ball
1-1: Foul Ball, location: 7LMF
1-2: Strikes out swinging
Batting: RHB Zheng-ze King 0-0: Called Strike
0-1: Ground out 4-3 (Groundball, 4, EV 89.4 MPH)
Bottom of the 9th over - 0 runs, 0 hits, 0 errors, 0 left on base; Toronto 6 - Montreal 5
Sunday, December 17th , 2023 - OOTP Baseball 24.11 Build 85